 Dungeon Crawl Stone Soup version 0.25.1-2-g60ff931df9 (webtiles) character file.

Game seed: 13642818168414167564

18020 DearestLeader the Basher (level 12, -9/86 HPs)
             Began as a Demonspawn Abyssal Knight on Sept 13, 2020.
             Was a High Priest of Lugonu.
             Mangled by an earth elemental (23 damage)
             ... in a volcano.
             The game lasted 00:40:21 (15930 turns).

DearestLeader the Basher (DsAK)                    Turns: 15930, Time: 00:40:21

Health: -9/86      AC: 21    Str: 22    XL:     12   Next: 24%
Magic:  10/21      EV: 10    Int: 12    God:    Lugonu [*****.]
Gold:   746        SH:  0    Dex: 15    Spells: 11/11 levels left

rFire    . . .     SeeInvis +   I - +2 flail (drain)
rCold    + . .     Gourm    .   (no shield)
rNeg     + . .     Faith    .   t - +1 chain mail {rC+}
rPois    +         Spirit   .   z - +2 helmet {SInv}
rElec    .         Reflect  .   A - +2 ratskin cloak {+Rats rPois rN+ Str-1 Int-1 Dex+1}
rCorr    .         Harm     .   (gloves unavailable)
MR       .....                  (no boots)
Stlth    ..........             o - amulet of the acrobat
HPRegen  0.24/turn              K - ring of wizardry
MPRegen  0.17/turn              N - +6 ring of strength

@: no status effects
A: claws 3, molten scales 1, demonic guardian 1, spiny 3
a: Depart the Abyss, Bend Space, Banish, Corrupt, Enter the Abyss, Renounce
Religion, Evoke Ratskin


You were in a volcano.
You worshipped Lugonu.
Lugonu was extremely pleased with you.
You were hungry.

You visited 2 branches of the dungeon, and saw 12 of its levels.
You visited the Abyss 1 time.
You also visited: Volcano.

You collected 746 gold pieces.

Inventory:

Hand Weapons
 b - a +3 whip of electrocution
 G - a +3 broad axe
 I - a +2 flail of draining (weapon)
 J - a +2 battleaxe of freezing
 P - a +4 dire flail
Missiles
 e - 77 poisoned darts (quivered)
Armour
 g - a cursed +0 ring mail
 t - a +1 chain mail of cold resistance (worn)
 u - a +0 plate armour
 y - a scarf of repulsion
 z - a +2 helmet of see invisible (worn)
 A - the +2 ratskin cloak (worn) {+Rats rPois rN+ Str-1 Int-1 Dex+1}
   (You found it on level 6 of the Dungeon)

   It affects your strength (-1).
   It affects your intelligence (-1).
   It affects your dexterity (+1).
   It protects you from poison.
   It protects you from negative energy.
 F - +0 steam dragon scales
 L - a +1 hat of magic resistance
Magical Staves
 E - an uncursed staff of poison {unknown}
Jewellery
 j - an uncursed ring of ice
 o - an amulet of the acrobat (around neck)
 K - a ring of wizardry (left claw)
 N - a +6 ring of strength (right claw)
Wands
 n - a wand of paralysis (10)
 D - a wand of iceblast (5)
 H - a wand of acid (20)
Scrolls
 f - 4 scrolls of remove curse
 k - a scroll of noise {unknown}
 l - 2 scrolls of fear
 q - a scroll of silence {unknown}
 v - 7 scrolls of teleportation
 x - 6 scrolls of enchant weapon
 B - 2 scrolls of brand weapon
 C - a scroll of amnesia {unknown}
 M - a scroll of blinking {unknown}
 O - a scroll of magic mapping {unknown}
Potions
 a - a potion of invisibility
 d - a potion of heal wounds
 h - 3 potions of might
 i - 5 potions of haste
 m - 6 potions of curing
 p - 2 potions of stabbing
 r - 2 potions of brilliance
 s - a potion of ambrosia
 w - 3 potions of lignification
 Q - a potion of mutation {unknown}
Comestibles
 c - 29 rations


   Skills:
 - Level 5.0 Fighting
 * Level 12.6 Maces & Flails
 + Level 9.3 Armour
 - Level 3.4 Dodging
 + Level 12.4 Invocations


You had 11 spell levels left.
You didn't know any spells.
Your spell library contained the following spells:

 Spells                   Type           Power        Failure   Level  Hunger
 Animate Skeleton         Necr           N/A          61%         1    ##.....
 Apportation              Tloc           #.....       61%         1    ##.....
 Beastly Appendage        Tmut           #.....       61%         1    ##.....
 Corona                   Hex            #......      61%         1    ##.....
 Shock                    Conj/Air       #...         61%         1    ##.....
 Summon Small Mammal      Summ           #...         61%         1    ##.....
 Ensorcelled Hibernation  Hex/Ice        #.....       75%         2    ###....
 Sticks to Snakes         Tmut           #.......     75%         2    ###....
 Swiftness                Chrm/Air       #.......     75%         2    ###....
 Confusing Touch          Hex            #.......     91%         3    ####...
 Dazzling Flash           Conj/Hex       #.....       91%         3    ####...
 Spider Form              Tmut/Pois      #.........   91%         3    ####...
 Static Discharge         Conj/Air       #.......     91%         3    ####...
 Tukima's Dance           Hex            #.......     91%         3    ####...
 Airstrike                Air            #.........   100%        4    #####..
 Ice Form                 Ice/Tmut       #.......     100%        4    #####..
 Blade Hands              Tmut           #.........   100%        5    ######.
 Lightning Bolt           Conj/Air       #.........   100%        5    ######.


Dungeon Overview and Level Annotations

Branches:
Dungeon (11/15)            Temple (0/1) D:5            Lair (1/6) D:11
    Orc (0/2) D:11        Volcano (1/1)

Altars:
Ashenzari
Cheibriados
Dithmenos
Elyvilon
Fedhas
Gozag
Hepliaklqana
Makhleb
Nemelex Xobeh
Ru
Vehumet
Xom
Yredelemnul
Zin
The Shining One

Shops:
D:5 *   D:9 =

Annotations:
D:3 3 runed translucent doors, 4FPSwarrior's ghost, amateur HOMo; SeriousMike's ghost, amateur DEAs


Innate Abilities, Weirdness & Mutations

You have claws for hands.
You are partially covered in molten scales. (AC +2)
A weak demonic guardian rushes to your aid.
You are completely covered in sharp spines.


Message History

Why would you want to do that?
Aiming: Iceblast
Press: ? - help, Shift-Dir - straight line, f/p - earth elemental
Aim: an earth elemental (black smoke, moderately damaged)
Okay, then.
You feel much better.
The earth elemental is struck by your spines.
The earth elemental hits you!!
* * * LOW HITPOINT WARNING * * *
You sock the earth elemental!
The earth elemental is almost destroyed.
You hit the earth elemental.
The earth elemental is almost destroyed.
The earth elemental hits you but does no damage.
You hit the earth elemental but do no damage.
The earth elemental is almost destroyed.
You hit the earth elemental but do no damage.
The earth elemental is almost destroyed.
The earth elemental hits you!!
You die...

#### ##..## #§≈≈.# ##
##§≈≈.## ### ##§# ##.§§§≈(#
###○## ##E≈E####..§§§§.##
#.○○○##
.#§§≈§..##.§≈≈§≈§.###○○≈≈.#
$E'§§≈≈≈§§#@≈≈≈≈≈≈(##.≈≈≈≈≈'
!##≈≈§≈≈§)E##≈≈####'.≈≈≈○≈≈#
##≈§§≈≈######## ####≈≈○○≈#
###≈§### ##≈≈### /. ### ####
+ . # #


You could see an earth elemental.

Vanquished Creatures
  Gastronok (D:10)
  Harold (D:9)
  A hydra (D:11)
  Erica (D:10)
  A two-headed ogre (D:11)
  2 ugly things (D:11)
  2 molten gargoyles (Volcano)
  2 efreet (Volcano)
  2 trolls
  4 hippogriffs
  A wyvern (D:10)
  A vampire (D:11)
  6 yaks (Lair:1)
  3 fire elementals (Volcano)
  A basilisk (D:11)
  A steam dragon (D:7)
  A water moccasin (D:8)
  Duvessa (D:6)
  An eye of draining (D:11)
  5 orc warriors
  3 sky beasts
  4 ogres
  2 black bears
  A phantom (D:5)
  4 centaurs
  3 ice beasts
  2 crocodiles
  A big kobold (D:10)
  10 bullfrogs
  A gnoll sergeant (D:9)
  2 wyvern skeletons
  2 earth elementals (Volcano)
  A water moccasin skeleton (D:11)
  3 scorpions
  19 wights
  16 killer bees
  2 howler monkeys (D:8)
  3 crimson imps
  2 centaur zombies
  A quasit (D:8)
  A bullfrog zombie (D:11)
  2 jellies
  3 hounds
  3 orc priests
  A gnoll shaman (D:7)
  6 orc wizards
  7 centaur skeletons
  3 iguanas
  3 bullfrog skeletons
  4 worker ants
  A hell rat (D:6)
  2 hound skeletons
  A worker ant zombie (D:6)
  21 gnolls
  6 river rats (D:6)
  17 adders
  2 shadow imps
  2 oozes
  2 adder zombies (D:5)
  2 adder skeletons
  3 worms
  5 dart slugs
  7 leopard geckos
  35 orcs
  7 bats
  6 giant cockroaches
  12 hobgoblins
  8 jackals
  A quokka (D:2)
  A ball python (D:2)
  5 frilled lizards
  9 goblins
  9 kobolds
  A leopard gecko skeleton (D:4)
  21 rats
  A fire vortex (Volcano)
340 creatures vanquished.

Vanquished Creatures (collateral kills)
  A hippogriff (D:10)
  A spriggan (D:7)
  A steam dragon (D:7)
  Dowan (D:6)
  A howler monkey (D:8)
  An orc (D:8)
6 creatures vanquished.

Vanquished Creatures (others)
  2 two-headed ogres (D:9)
  An ugly thing (D:11)
  A cyclops (D:11)
  An efreet (Volcano)
  2 fire vortices (Volcano)
  8 fungi (D:7)
15 creatures vanquished.

Grand Total: 361 creatures vanquished

Notes
Turn   | Place    | Note
-------+----------+-------------------------------------------
     0 | Abyss:1  | DearestLeader the Demonspawn Abyssal Knight began the quest
                  | for the Orb.
     0 | Abyss:1  | Reached XP level 1. HP: 18/18 MP: 2/2
    38 | D:1      | Escaped the Abyss
    62 | D:1      | Reached skill level 1 in Dodging
   274 | D:1      | Gained mutation: You are partially covered in sharp spines.
                  | [demonic ancestry]
   274 | D:1      | Reached XP level 2. HP: 24/24 MP: 3/3
   676 | D:1      | Reached ** piety under Lugonu
   676 | D:1      | Reached XP level 3. HP: 29/29 MP: 4/4
  1045 | D:2      | Found a blossoming altar of Fedhas.
  1174 | D:2      | Found a shattered altar of Ashenzari.
  1335 | D:2      | Gained mutation: You are mostly covered in sharp spines.
                  | [demonic ancestry]
  1335 | D:2      | Reached XP level 4. HP: 29/35 MP: 5/5
  1396 | D:2      | Found a white marble altar of Elyvilon.
  2474 | D:3      | Found a sacrificial altar of Ru.
  2524 | D:3      | Found a shimmering altar of Xom.
  2528 | D:3      | Found a burning altar of Makhleb.
  2576 | D:3      | Found a glowing silver altar of Zin.
  2610 | D:3      | Found a runed translucent gate.
  2610 | D:3      | Found a runed translucent gate.
  2610 | D:3      | Found a runed translucent gate.
  2611 | D:3      | Noticed 4FPSwarrior's ghost (amateur HOMo)
  2611 | D:3      | Noticed SeriousMike's ghost (amateur DEAs)
  2799 | D:3      | Found a sparkling altar of Nemelex Xobeh.
  2800 | D:3      | Found an opulent altar of Gozag.
  3117 | D:4      | Gained mutation: You have sharp fingernails. [demonic
                  | ancestry]
  3117 | D:4      | Reached XP level 5. HP: 17/41 MP: 7/7
  3671 | D:4      | Gained mutation: You have very sharp fingernails. [demonic
                  | ancestry]
  3671 | D:4      | Reached XP level 6. HP: 47/47 MP: 8/8
  4154 | D:4      | Reached skill level 5 in Maces & Flails
  4478 | D:4      | Found a hazy altar of Hepliaklqana.
  4527 | D:4      | Reached *** piety under Lugonu
  4687 | D:5      | Entered Level 5 of the Dungeon
  4815 | D:5      | Found Rarrasin's Retail Resort.
  4822 | D:5      | Gained mutation: You have claws for hands. [demonic
                  | ancestry]
  4822 | D:5      | Reached XP level 7. HP: 49/52 MP: 10/10
  5061 | D:5      | Reached skill level 5 in Invocations
  5128 | D:5      | Found a staircase to the Ecumenical Temple.
  5425 | D:5      | Found a basalt altar of Yredelemnul.
  5890 | D:6      | Reached **** piety under Lugonu
  5922 | D:6      | Found the +2 ratskin cloak {+Rats rPois rN+ Str-1 Int-1
                  | Dex+1}
  6341 | D:6      | Noticed Duvessa
  6349 | D:6      | Killed Duvessa
  6349 | D:6      | Gained mutation: A weak demonic guardian rushes to your
                  | aid. [demonic ancestry]
  6349 | D:6      | Reached XP level 8. HP: 47/58 MP: 12/12
  6349 | D:6      | Noticed Dowan
  6356 | D:6      | Killed Dowan
  6912 | D:7      | Reached skill level 5 in Armour
  7570 | D:7      | Reached XP level 9. HP: 61/63 MP: 14/14
  8734 | D:8      | Reached ***** piety under Lugonu
  8740 | D:8      | Paralysed by an orc for 5 turns
  8790 | D:8      | Found an opulent altar of Gozag.
  9256 | D:8      | Found a shadowy altar of Dithmenos.
  9365 | D:9      | Noticed a two-headed ogre
  9395 | D:9      | Banished a two-headed ogre
  9398 | D:9      | Gained mutation: You are completely covered in sharp
                  | spines. [demonic ancestry]
  9398 | D:9      | Reached XP level 10. HP: 25/70 MP: 11/16
  9618 | D:9      | Found Kouxalo's Jewellery Boutique.
  9692 | D:9      | Noticed Harold
  9709 | D:9      | Killed Harold
 10191 | D:9      | Reached skill level 10 in Maces & Flails
 10255 | D:9      | Found a radiant altar of Vehumet.
 10372 | D:9      | Found a glowing golden altar of the Shining One.
 10417 | D:9      | Noticed a two-headed ogre
 10428 | D:9      | Banished a two-headed ogre
 10562 | D:9      | Found a snail-covered altar of Cheibriados.
 11023 | D:10     | Entered Level 10 of the Dungeon
 11038 | D:10     | Noticed Erica
 11056 | D:10     | Killed Erica
 11056 | D:10     | Reached skill level 10 in Invocations
 11449 | D:10     | Reached skill level 5 in Fighting
 11449 | D:10     | Reached XP level 11. HP: 63/79 MP: 18/18
 11713 | D:10     | Noticed Gastronok
 11730 | D:10     | Killed Gastronok
 12551 | D:11     | Noticed a seven-headed hydra
 12563 | D:11     | Killed a seven-headed hydra
 12840 | D:11     | Found a staircase to the Orcish Mines.
 12982 | D:11     | Noticed a brown ugly thing
 12995 | D:11     | Banished a brown ugly thing
 13469 | D:11     | Noticed a red ugly thing
 13471 | D:11     | Noticed a red ugly thing
 13489 | D:11     | Killed a red ugly thing
 13497 | D:11     | Killed a red ugly thing
 13718 | D:11     | Found a staircase to the Lair.
 13719 | D:11     | Noticed a two-headed ogre
 13734 | D:11     | Killed a two-headed ogre
 14604 | Lair:1   | Entered Level 1 of the Lair of Beasts
 14606 | Lair:1   | Found a dark tunnel.
 14613 | Lair:1   | Gained mutation: You are partially covered in molten
                  | scales. (AC +2) [demonic ancestry]
 14613 | Lair:1   | Reached XP level 12. HP: 72/86 MP: 21/21
 14711 | Volcano  | Entered a volcano
 15930 | Volcano  | Mangled by an earth elemental

Illustrated notes

Levels and vault maps discovered:
D:1:      nicolae_arrival_memento_mori, layout_basic, nrook_loot_triangle
D:2:      layout_basic, fedhas_altar_2, elyvilon_altar_5,
          evilmike_ruin_ashenzari
D:3:      layout_basic, grunt_temple_overflow_opulence, lemuel_round_altar,
          grunt_temple_overflow_open, gammafunk_ghost_cemetery
D:4:      layout_cave_pods, kennysheep_mini
D:5:      layout_loops_ring, marbit_many_paths, temple_doors_ab, first_ration,
          roderic_serpentine_path, nicolae_alphabet_shops,
          kennysheep_generic_room_5
D:6:      wander_guarded_unrand_ratskin, layout_basic, uniq_duvessa
D:7:      kennysheep_steamy, layout_basic, the_bakery
D:8:      layout_rooms, lemuel_crystal_altar, basic_altar, serial_glass,
          glass_columns_b, glass_columns_a, glass_columns_b, glass_columns_a,
          glass_columns_a, glass_columns_c, glass_columns_a, glass_columns_a,
          glass_columns_a, glass_columns_c, glass_columns_b, glass_columns_a,
          glass_columns_a, glass_columns_a, item_on_display_a, feat_on_display,
          feat_on_display
D:9:      wad_crossroads, layout_loops_ring, lemuel_round_altar,
          lemuel_doored_altar, cheibrodos_worm_habitat, serial_shops,
          nicolae_shop_statue_plus, uniq_harold
D:10:     layout_basic, minivault_25_ag, uniq_gastronok, uniq_erica
D:11:     hangedman_cross_stitches, layout_layer_cave, lair_entry_dummy,
          orc_0_dummy
Lair:1:   layout_chaotic_city, nicolae_volcano_entry_lava_flow,
          grunt_megastairs_5
Volcano:  volcano_aerie

Skill      XL: |  1  2  3  4  5  6  7  8  9 10 11 |
---------------+----------------------------------+-----
Dodging        | 1 3 |  3.4
Maces & Flails | 2 3 4 5 6 8 9 10 12 | 12.6
Armour         | 2 3 4 5 6 7 9 |  9.3
Invocations    | 3 4 5 7 9 10 12 | 12.4
Fighting       | 5 |  5.0

Action                   |  1- 3 |  4- 6 |  7- 9 | 10-12 || total
-------------------------+-------+-------+-------+-------++-------
Melee: Mace              |    93 |   122 |     5 |       ||   220
       Whip              |       |       |   313 |    34 ||   347
       Flail             |       |       |       |   442 ||   442
       Unarmed           |       |       |       |     5 ||     5
Throw: Dart              |     5 |    31 |       |    11 ||    47
Invok: Banish            |       |       |     1 |     7 ||     8
  Use: Scroll            |     5 |     9 |     8 |     4 ||    26
       Potion            |       |       |       |     5 ||     5
 Stab: Distracted        |       |       |       |     4 ||     4
  Eat: Chunk             |     1 |    11 |    11 |    16 ||    39
       Ration            |       |       |     1 |     2 ||     3
Armor: Leather armour    |    29 |       |       |       ||    29
       Ring mail         |       |    42 |       |       ||    42
       Chain mail        |       |     7 |   114 |   209 ||   330
Dodge: Dodged            |    55 |    66 |   102 |   243 ||   466
